Unix NetHack Version 5.0.0-0 post-release - last build May 10 2026 23:12:36 (d1fa5d53e341ca933230fdaa984d921c805b60aa,branch:main).

Game began 2026-05-11 19:45:16, ended 2026-05-11 20:15:03.

CaptainEquinox, lawful female human Valkyrie

                                                             ---------
                                                 ##### ####  |.......|
                                                  #----|- ###........|
                                ###################|..<.|    |.......|
                                #-------------    #...).|    |..^....|
                                #|C.........C|    #|....|    |%......|
                                #|.....C.....+#####|....|    ---|-----
                                #|...-----...|#####.....|       ##
                                #|..[|.{.|...-#### |....|        #
                                #|..C.{.{|C..|#  ##------        ####
                                #|...|.{.|...|#   #########      ## #####
                                #|...-----...|#                ---.-----|-
          --------+-        #####|.....C.....|#                |.........|
          |........-###########  |C.........C|#                |.........|
          |........|             -------------#                |.........|
          |.[...@..|              `###########`                -----------
          |....u...|
          ----------

CaptainEquinox the Fighter  St:18/01 Dx:16 Co:15 In:8 Wi:9 Ch:9  Lawful
Dlvl:6  $:195 HP:0(51) Pw:16(16) AC:5  Xp:6 T:2747 

Latest messages:
 In what direction? 4
 The little dog yelps!
 The orcish dagger hits the little dog!
 The little dog bites the floating eye.
 The little dog is frozen by the floating eye's gaze!
 What do you want to throw? [$kz or ?*] k
 In what direction? 7
 The orcish dagger hits the floating eye!
 What do you want to throw? [$kz or ?*] k
 In what direction? 7
 You kill the floating eye!
 b - a corroded +0 dagger (at the ready).
 k - 2 uncursed orcish daggers.
 j - a purple-red potion.
 What do you want to dip? [a-gi-kmnqrtux-zDEHX-Z or ?*] ?
 What do you want to dip 8 uncursed darts into? [fjmy or ?*] ?
 Interesting...
 What do you want to dip? [a-gi-kmnqrtux-zDEHX-Z or ?*] ?
 What do you want to dip 8 uncursed darts into? [fjmy or ?*] ?
 Interesting...
 What do you want to dip? [a-gi-kmnqrtux-zDEHX-Z or ?*] ?
 What do you want to dip 8 uncursed darts into? [fjmy or ?*] ?
 Interesting...
 In what direction? 4
 Ouch!  That hurts!
 In what direction? 8
 Ouch!  That hurts!
 You find a hidden door.
 The door opens.
 Please move the cursor to a monster, object or location.
 (For instructions type a '?')
 The gray unicorn misses!
 The gray unicorn kicks!
 The gray unicorn butts!
 The gray unicorn kicks!
 You hit the gray unicorn!
 You see here a black potion.
 The gray unicorn butts!
 The gray unicorn kicks!
 The gray unicorn butts!
 The gray unicorn kicks!
 Your leg feels better.
 You miss the gray unicorn.
 The gray unicorn butts!
 You die...
 Do you want your possessions identified? [ynq] (y) y
 Do you want to see your attributes? [ynq] (y) y
 Do you want an account of creatures vanquished? [ynaq] (y) y
 Do you want to see your conduct and achievements? [ynq] (y) y
 Do you want to see the dungeon overview? [ynq] (y) y

Inventory:
 Coins    ('$')
  $ - 195 gold pieces
 Amulets  ('"')
  Z - an uncursed amulet of guarding (being worn)
 Weapons  (')')
  z - 8 +0 darts
  b - a corroded +0 dagger (at the ready)
  k - 2 +0 orcish daggers
  a - a corroded +1 spear (weapon in left hand)
 Armor    ('[')
  c - an uncursed burnt +3 small shield (being worn)
 Comestibles  ('%')
  g - an uncursed carrot
  d - an uncursed food ration
 Scrolls  ('?')
  D - an uncursed scroll of genocide
  E - an uncursed scroll of magic mapping
 Spellbooks  ('+')
  t - an uncursed spellbook of detect monsters
  q - an uncursed spellbook of extra healing
  u - an uncursed spellbook of fireball
 Potions  ('!')
  y - an uncursed potion of gain energy
  m - 2 uncursed potions of healing
  j - an uncursed potion of invisibility
  f - 2 uncursed potions of see invisible
 Wands    ('/')
  i - a wand of magic missile named uncursed (0:6)
  x - a wand of stasis (0:6)
 Tools    ('(')
  e - an uncursed oil lamp
  n - an uncursed tin whistle
  X - a tinning kit (0:35)
 Gems/Stones  ('*')
  H - an uncursed topaz stone
  Y - an uncursed worthless piece of black glass
  r - an uncursed worthless piece of violet glass

CaptainEquinox the Valkyrie's attributes:

Background:
 You were a Fighter, a level 6 human Valkyrie.
 You were lawful, on a mission for Tyr
 who was opposed by Odin (neutral) and Loki (chaotic).
 You were left-handed.
 You were in the Dungeons of Doom, on level 6.
 You entered the dungeon 2747 turns ago.
 You had 497 experience points, 143 more were needed to attain level 7.

Basics:
 You had 0 out of 51 hit points.
 You had all 16 energy points (spell power).
 Your armor class was 5.
 Your wallet contained 195 zorkmids.
 Autopickup was off.

Final Characteristics:
 Your strength was 18/01 (limit:18/100).
 Your dexterity was 16 (limit:18).
 Your constitution was 15 (limit:18).
 Your intelligence was 8 (limit:18).
 Your wisdom was 9 (limit:18).
 Your charisma was 9 (limit:18).

Final Status:
 You weren't hungry.
 You were unencumbered.
 You were wielding a spear.
 You were skilled in spear.

Final Attributes:
 You were piously aligned.
 You were fire resistant.
 You were cold resistant.
 You were poison resistant.
 You were telepathic.
 You were stealthy.
 You had a small defense bonus (+2).
 You were guarded.
 You are dead.

Miscellaneous:
 You encountered 1 bones level.
 Total elapsed playing time was 29 minutes and 46 seconds.

Major events:
 Turn
    1: CaptainEquinox the lawful human Valkyrie entered the dungeon
  623: attained the rank of Skirmisher (level 3)
 1059: entered the Gnomish Mines
 2002: read a Discworld novel
 2002: attained the rank of Fighter (level 6)
 2747: killed by a gray unicorn

Spells:
 Name                 Level Category     Fail Retention
 detect monsters        1   divination    64%  76%-100%
 fireball               4   attack       100%  76%-100%
 extra healing          3   healing      100%  76%-100%

Skills:
 Fighting Skills
   bare handed combat [Unskilled]
   two weapon combat  [Unskilled]
   riding             [Unskilled]
 Weapon Skills
   dagger             [Basic]
   axe                [Unskilled]
   pick-axe           [Unskilled]
   short sword        [Unskilled]
   broadsword         [Unskilled]
   long sword         [Unskilled]
   two-handed sword   [Unskilled]
   saber              [Unskilled]
   hammer             [Unskilled]
   quarterstaff       [Unskilled]
   polearms           [Unskilled]
   spear              [Skilled]
   trident            [Unskilled]
   lance              [Unskilled]
   sling              [Unskilled]
 Spellcasting Skills
   attack spells      [Unskilled]
   escape spells      [Unskilled]

Voluntary challenges:
 Character rerolling was not enabled.
 You never genocided any monsters.
 You never polymorphed an object.
 You never changed form.
 You used no wishes.
Achievements:
 You attained the rank of Skirmisher.
 You entered a shop.
 You entered the Gnomish Mines.
 You read from a Discworld novel.
 You attained the rank of Fighter.

 The Dungeons of Doom: levels 1 to 6
    Level 1:
    Level 2:
       Some fountains, a grave.
    Level 3:
       A bookstore, some fountains.
       Stairs down to The Gnomish Mines.
    Level 4:
       A potion shop, a fountain, a grave.
    Level 5:
       A scroll shop, an altar, a fountain.
       Final resting place for
          poiuztrewq-Arc-Hum-Fem-Neu, killed by an orc zombie.
    Level 6: <- You were here.
       Many fountains.
       Final resting place for
          you, killed by a gray unicorn.
 The Gnomish Mines:
    Level 4:


Vanquished creatures:
  3 small mimics
  a quivering blob
  a leprechaun
  a dwarf mummy
  a human zombie
  a rock mole
  a yellow light
  a gnome leader
  a gray ooze
  a giant ant
  a little dog
  4 floating eyes
  a kitten
  a dwarf
  a giant bat
  a monkey
  5 orc zombies
  3 dwarf zombies
 an iguana
  2 acid blobs
  8 coyotes
  2 manes
  a giant rat
  a yellow mold
  2 green molds
  a red mold
  5 geckos
  2 jackals
  a fox
  4 goblins
  a sewer rat
  2 grid bugs
  5 lichens
  4 newts
71 creatures vanquished.

No species were genocided or became extinct.

Game over:
                       ----------
                      /          \
                     /    REST    \
                    /      IN      \
                   /     PEACE      \
                  /                  \
                  |  CaptainEquinox  |
                  |      195 Au      |
                  | killed by a gray |
                  |     unicorn      |
                  |                  |
                  |                  |
                  |       2026       |
                 *|     *  *  *      | *
        _________)/\\_//(\/(/\)/\//\/|_)_______

Farvel CaptainEquinox the Valkyrie...

You died in The Dungeons of Doom on dungeon level 6 with 2444 points,
and 195 pieces of gold, after 2747 moves.
You were level 6 with a maximum of 51 hit points when you died.

